 Dungeon Crawl Stone Soup version 0.30-a0-726-gd89dcf765f (webtiles) character file.

Game seed: 18140162783825574842

48 M4edhros the Insei (level 3, -1/26 HPs)
             Began as an Octopode Monk on Jan 29, 2023.
             Was a Plaything of Xom.
             Slain by Grinder (2 damage)
             ... while paralysed by Grinder
             ... on level 3 of the Dungeon.
             The game lasted 00:00:53 (1066 turns).

M4edhros the Insei (Octopode Monk)                  Turns: 1066, Time: 00:00:53

Health: -1/26      AC:  1    Str: 10    XL:     3   Next: 72%
Magic:  3/3        EV:  2    Int: 12    God:    Xom [..*...]
Gold:   76         SH:  0    Dex: 16    Spells: 2/2 levels left

rFire   . . .      SeeInvis .      - Unarmed
rCold   . . .      Faith    .    (no shield)
rNeg    . . .      Spirit   .    (helmet restricted)
rPois   .          Reflect  .    (no amulet)
rElec   .          Harm     .    (no ring)
rCorr   .          Rampage  .    (no ring)
Will    .....                    (no ring)
Stlth   +++                      (no ring)
HPRegen 0.24/turn                (no ring)
MPRegen 0.08/turn                (no ring)
                                 (no ring)
                                 (no ring)

@: paralysed
A: almost no armour, amphibious, 8 rings, camouflage 1, gelatinous body 1,
(nimble swimmer 1), tentacles
a: Renounce Religion


You were on level 3 of the Dungeon.
You worshipped Xom.
You were a toy of Xom.
You visited 1 branch of the dungeon, and saw 3 of its levels.

You collected 76 gold pieces.

Inventory:

Scrolls
 e - 2 scrolls of identify {unknown}
 f - a scroll of enchant weapon {unknown}
Potions
 a - a potion of ambrosia
 b - 2 potions of berserk rage {unknown}
 c - a potion of brilliance {unknown}
 d - a potion of haste {unknown}


   Skills:
 - Level 3.0 Fighting
 - Level 3.0 Dodging
 - Level 2.6 Stealth
 + Level 4.6 Unarmed Combat


You had 2 spell levels left.
You didn't know any spells.
Your spell library contained the following spells:

 Spells                   Type           Power      Damage    Failure   Level
 Inner Flame              Hex/Fire       0%         N/A       69%         3
 Flame Wave               Conj/Fire      0%         2d4       97%         4
 Sticky Flame             Conj/Fire      0%         2d3       97%         4
 Summon Lightning Spire   Summ/Air       0%         N/A       97%         4
 Storm Form               Tmut/Air       0%         N/A       100%        7
 Maxwell's Capacitive Co  Air            0%         ∞         100%        8


Dungeon Overview and Level Annotations

Branches:
Dungeon (3/15)

Altars:
Xom

Annotations:
D:3 Grinder


Innate Abilities, Weirdness & Mutations

You cannot wear most types of armour.
You are amphibious.
You can wear up to eight rings at the same time.
Your skin changes colour to match your surroundings (Stealth+).
Your rubbery body absorbs attacks. (AC +1, EV +1)
((You are camouflaged when in or above water. (Stealth+)))
You have tentacles for arms and can constrict up to eight enemies at once.


Message History

Grinder is lightly wounded.
You constrict Grinder, but do no damage.
You barely miss Grinder. Your squeeze misses Grinder.
Grinder is lightly wounded.
You constrict Grinder. Xom's power flows through you!
You begin to radiate toxic energy.
Grinder misses you.
You tentacle-slap Grinder.
Grinder is moderately wounded.
You constrict Grinder. Grinder gestures at you.
You barely resist.
You tentacle-slap Grinder but do no damage.
Grinder is moderately wounded.
You constrict Grinder. Grinder hits you.
You bludgeon Grinder!
You tentacle-slap Grinder, but do no damage.
Grinder is heavily wounded.
Your toxic aura wanes.
You constrict Grinder. Grinder gestures at you.
You resist with significant effort.
You tentacle-slap Grinder but do no damage.
Grinder is severely wounded.
You constrict Grinder. Grinder barely misses you.
You completely miss Grinder.
Grinder is severely wounded.
You constrict Grinder. Grinder hits you!
* * * LOW HITPOINT WARNING * * *
You writhe in agony.
* * * LOW HITPOINT WARNING * * *
Okay, then.
You tentacle-slap Grinder.
Grinder is severely wounded.
You constrict Grinder. Grinder gestures at you.
You suddenly lose the ability to move!
You lose your grip on Grinder.
Grinder hits you.
You die...
Xom snickers!

##..# #...#####.# #.#
#...#####.........# #.#
#...........####### #.#
#...#######'## #.. ##.##
##...## ### ##.#
##.....## * ##..#
##)......## **,
#####...####.........#**
,
.....>.....+....@....+,,
,,
###.#...####....5....#
**, #.##.## ##.......##
, #.#### ##.....## *,
#.# ##...## * * #.#
##+## * #.# ,* *,, #.# *
*, ** ... , **,* ** *


You could see Grinder.

Vanquished Creatures
  3 adders
  2 endoplasms (D:3)
  6 goblins
  A hobgoblin (D:3)
  A quokka (D:2)
  A ball python (D:1)
  4 bats
  A frilled lizard (D:3)
  A kobold (D:1)
  2 rats
22 creatures vanquished.

Notes
Turn   | Place    | Note
-------+----------+-------------------------------------------
     0 | D:1      | M4edhros the Octopode Monk began the quest for the Orb.
     0 | D:1      | Reached XP level 1. HP: 16/16 MP: 1/1
   138 | D:1      | Reached XP level 2. HP: 20/21 MP: 2/2
   464 | D:2      | Reached skill level 4 in Unarmed Combat
   578 | D:2      | Found a shimmering altar of Xom.
   589 | D:2      | Reached XP level 3. HP: 25/26 MP: 3/3
   592 | D:2      | Became a worshipper of Xom of Chaos
   769 | D:3      | XOM: silly message
   872 | D:3      | XOM: potion effect (brilliance)
  1051 | D:3      | Noticed Grinder
  1053 | D:3      | XOM: divination: magic mapping
  1057 | D:3      | XOM: divination: magic mapping
  1059 | D:3      | XOM: cast spell 'Olgreb's Toxic Radiance'
  1064 | D:3      | HP: 1/26 [Grinder (1)]
  1065 | D:3      | Paralysed by Grinder for 3 turns
  1066 | D:3      | Slain by Grinder

Illustrated notes

Levels and vault maps discovered:
D:1:      dpeg_arrival_houses_and_road, layout_loops_corners
D:2:      layout_basic, basic_altar, ebering_ecumenical_altar_webs
D:3:      layout_loops_corners, minivault_26, uniq_grinder

Skill      XL: |  1  2 |
---------------+-------+-----
Unarmed Combat | 4 |  4.6
Fighting       | |  3.0
Dodging        | |  3.0
Stealth        | |  2.6

Action                     || total
---------------------------++-------
  Melee: Unarmed           ||    65
         Constrict         ||    14
         Punch             ||     3
         Tentacles         ||     5
   Stab: Sleeping          ||     5
 Armour: Skin              ||     2
  Dodge: Dodged            ||    37

Table legend: (Time is in decaauts)
 A = Elapsed time spent in this place.
 B = Non-inter-level travel time spent in this place.
 C = Inter-level travel time spent in this place.
 D = Time resting spent in this place.
 E = Time spent auto-exploring this place.
 F = Levels seen in this place.
 G = Mean time per level.
                   A        B        C        D        E       F      G
               +--------+--------+--------+--------+--------+-----+--------+
         Total |   1062 |   1005 |     57 |      0 |    837 |   3 |  354.0 |
       Dungeon |   1062 |   1005 |     57 |      0 |    837 |   3 |  354.0 |
               +--------+--------+--------+--------+--------+-----+--------+

Top non-repeatable levels by time:
     D:3: 434 daAuts
     D:1: 426 daAuts
     D:2: 201 daAuts
